 Dungeon Crawl Stone Soup version 0.17-a0-1533-g2f57bce (webtiles) character file.

96 Pandaemon the Skirmisher (level 4, -13/38 HPs)
             Began as a Draconian Skald on July 17, 2015.
             Mangled by Pandaemon's ghost (17 damage)
             ... on level 3 of the Dungeon.
             The game lasted 00:08:30 (2492 turns).

Pandaemon the Skirmisher (Draconian Skald)          Turns: 2492, Time: 00:08:31

Health: -13/38     AC:  6    Str: 15      XL:     4   Next: 41%
Magic:  6/7        EV: 12    Int: 10 (12) God:
Gold:   58         SH:  0    Dex: 11      Spells: 1 memorised, 6 levels left

rFire  . . .     SeeInvis .     a - +0 short sword
rCold  . . .     Clarity  .     (armour unavailable)
rNeg   . . .     SustAt   .     (no shield)
rPois  .         Gourm    .     g - +1 hat
rElec  .         Spirit   .     (no cloak)
rCorr  .         Warding  .     (no gloves)
rMut   .         Stasis   .     (no boots)
MR     .....                    (no amulet)
Stlth  +.........               (no ring)
                                (no ring)

@: slowed, very slow, not resistant to hostile enchantments, very unstealthy
A: unfitting armour, cold-blooded, AC +5
a: no special abilities


You were on level 3 of the Dungeon.
You were very hungry.

You visited 1 branch of the dungeon, and saw 3 of its levels.

You collected 58 gold pieces.

Inventory:

Hand weapons
 a - a +0 short sword (weapon)
 e - a -1 short sword
Armour
 g - a +1 hat (worn)
Jewellery
 i - an uncursed ring of flight
 k - an uncursed ring of protection from cold
Scrolls
 m - 2 scrolls of amnesia
Potions
 d - a potion of heal wounds
 f - 2 potions of magic
 h - a potion of curing {unknown}
Books
 b - a book of Battle

   Spells                             Type                      Level
   a - Infusion                       Charms                       1
   b - Shroud of Golubria             Charms/Translocation         2
   c - Song of Slaying                Charms                       2
   d - Spectral Weapon                Hexes/Charms                 3
   e - Regeneration                   Charms/Necromancy            3
Comestibles
 c - 4 bread rations


   Skills:
 + Level 3.4 Fighting
 + Level 2.4 Short Blades
 + Level 2.2 Dodging
 + Level 0.4 Stealth
 + Level 2.1 Spellcasting
 + Level 3.2 Charms


You had 6 spell levels left.
You knew the following spells:

 Your Spells              Type           Power        Failure   Level  Hunger
a - Infusion              Chrm           #.....       10%         1    ##.....


Dungeon Overview and Level Annotations

Branches:
Dungeon (3/15)

Altars:
Elyvilon

Annotations:
D:3 Pandaemon's ghost, average DrSk


Innate Abilities, Weirdness & Mutations

Your plain brown scales are hard (AC +5).
Your body does not fit into most forms of armour.
You are cold-blooded and may be slowed by cold attacks.


Message History

You closely miss Pandaemon's ghost.
Pandaemon's ghost hits you but does no damage.
The orc completely misses you. Pandaemon's ghost hits you.
You miss Pandaemon's ghost. The orc barely misses you.
Pandaemon's ghost closely misses you.
You barely miss Pandaemon's ghost. The orc barely misses you.
Pandaemon's ghost completely misses you.
Pandaemon's ghost hits you!
* * * LOW HITPOINT WARNING * * *
The orc hits you from afar with a trident.
* * * LOW HITPOINT WARNING * * *
You barely miss Pandaemon's ghost.
Pandaemon's ghost whispers, "You will understand me better in a moment."
Pandaemon's ghost closely misses you. The orc misses you.
You barely miss Pandaemon's ghost. You tail-slap Pandaemon's ghost.
Pandaemon's ghost is lightly damaged.
Pandaemon's ghost wails.
Pandaemon's ghost hits you but does no damage.
You are electrocuted!
You die...

#.....s.# #..ยง....#
#.......## #........#
#........# #........#
#........#############
#.......ooW@..........
#........###..#######.
#####.######..###
.............#
###.######....# #.
###..# #. #..# #.
####..#### #........#


You could see an orc wizard, Pandaemon's ghost and an orc.

Vanquished Creatures
  4 adders (D:2)
  An orc (D:3)
  4 bats
  3 goblins
  2 hobgoblins (D:1)
  8 jackals (D:1)
  5 kobolds
  A ball python (D:2)
  7 giant cockroaches
  A giant newt (D:2)
  2 quokkas (D:2)
  6 rats
44 creatures vanquished.

Vanquished Creatures (others)
  An orc wizard (D:3)
1 creature vanquished.

Grand Total: 45 creatures vanquished

Notes
Turn   | Place    | Note
--------------------------------------------------------------
     0 | D:1      | Pandaemon the Draconian Skald began the quest for the Orb.
     0 | D:1      | Reached XP level 1. HP: 17/17 MP: 3/3
   353 | D:1      | Reached XP level 2. HP: 19/25 MP: 0/5
   390 | D:1      | Reached skill level 3 in Charms
   988 | D:2      | Reached XP level 3. HP: 4/30 MP: 1/6
   990 | D:2      | HP: 1/30 [poisoned by an adder]
  1893 | D:2      | Found a white marble altar of Elyvilon.
  1978 | D:2      | Reached XP level 4. HP: 24/38 MP: 7/7
  2451 | D:3      | Noticed Pandaemon's ghost (average DrSk)
  2492 | D:3      | Mangled by Pandaemon's ghost

Vault maps used:
D:1:      denvon_arrival_waterhouse
D:2:      elyvilon_altar_5, first_bread, minmay_misc_feat_cross
D:3:      bh_walls_and_bars

Action                   |  1- 3 |  4- 6 || total
-------------------------+-------+-------++-------
Melee: Short sword       |   146 |    47 ||   193
 Cast: Infusion          |     4 |     1 ||     5
  Use: Potion            |     3 |     2 ||     5
       Scroll            |       |     7 ||     7
  Eat: Chunk             |     3 |     1 ||     4
